cohdb
Replays
Latest Replays
All Replays
Popular Replays
Top Player Replays
Match Explorer
How It Works
Community
CoH3 Stats
Reddit
Sign in to upload your games and track your stats! →
Sign in with Steam
Match 41093723
Unlisted
Match 41093723
Overview
Messages
Build Orders
End
Construct Infanterie Kompanie
Kettenkrad Recon Vehicle
Selects Mechanized Battlegroup
MG 42 Machine Gun Team
MG 42 Machine Gun Team
GrW 34 Mortar Team
Construct Panzergrenadier Kompanie
Support Elements
Selects Spotting Scopes
Nebelwerfer 42 Rocket Launcher Team
Medical Station
Panzergrenadier Officer Quarters
MG 42 Bunker
Panzergrenadier Squad
Selects Stoßtruppen Assault Package
Nebelwerfer 42 Rocket Launcher Team
StuG III G Assault Gun
Side Skirts
Selects Raid Package
MG 42 Machine Gun Team
251 Medium Carrier
StuG III G Assault Gun
Selects StuG Assault Group
MG 42 Bunker
Panzergrenadier Squad
Kettenkrad Recon Vehicle
MG 42 Bunker
Construct Panzer Kompanie
Pioneer Squad
Panzer Officer Quarters
Selects Zeroing Artillery Barrage
Selects UNKNOWN (2160084)
Panzergrenadier Squad
Grenadier Squad
BlackDevils
shagreen
Barthez
Kuskujemy :3
Warm Sake
corsairf4u
ItsBrettos
vonAJ
0
0
Comments
sign in to comment!
No comments posted yet!